 Dungeon Crawl Stone Soup version 0.20.0-15-g7f486f2 (webtiles) character file.

245 greprep the Covert (level 6, -6/36 HPs)
             Began as an Octopode Enchanter on June 27, 2017.
             Was an Initiate of Sif Muna.
             Mangled by a phantom (8 damage)
             ... on level 4 of the Dungeon.
             The game lasted 00:09:01 (4028 turns).

greprep the Covert (Octopode Enchanter)             Turns: 4028, Time: 00:09:02

Health: -6/36      AC:  1    Str:  7    XL:     6   Next: 10%
Magic:  5/9        EV: 13    Int: 19    God:    Sif Muna [......]
Gold:   145        SH:  0    Dex: 13    Spells: 6/9 levels left

rFire    . . .     SeeInvis .   a - +1 dagger
rCold    . . .     Gourm    .   (no shield)
rNeg     . . .     Faith    .   s - +0 hat
rPois    .         Spirit   .   (no amulet)
rElec    .         Reflect  .   (no ring)
rCorr    .         Harm     .   (no ring)
MR       .....                  (no ring)
Stlth    +++++.....             (no ring)
Regen    0.2/turn               (no ring)
MPRegen  0.2/turn               (no ring)
                                (no ring)
                                (no ring)

@: no status effects
A: almost no armour, stealthy swim, amphibious, 8 rings, constrict 8, camouflage
1, gelatinous body 1
a: Renounce Religion


You were on level 4 of the Dungeon.
You worshipped Sif Muna.
Sif Muna was noncommittal.
You were hungry.

You visited 1 branch of the dungeon, and saw 4 of its levels.

You collected 145 gold pieces.

Inventory:

Hand Weapons
 a - a +1 dagger (weapon)
Armour
 s - a +0 hat (worn)
Scrolls
 d - 4 scrolls of identify {unknown}
 h - a scroll of magic mapping {unknown}
 i - 3 scrolls of enchant armour {unknown}
 k - 2 scrolls of amnesia {unknown}
 l - a scroll of remove curse {unknown}
 n - a scroll of teleportation {unknown}
 o - 2 scrolls of fog {unknown}
 q - a scroll of immolation {unknown}
Potions
 e - 2 potions of brilliance {unknown}
 f - a potion of heal wounds {unknown}
 j - a potion of berserk rage {unknown}
 m - 4 potions of flight {unknown}
 r - 2 potions of curing {unknown}
Books
 b - a book of Maledictions

   Spells                             Type                      Level
   a - Corona                         Hexes                        1
   b - Ensorcelled Hibernation        Hexes/Ice                    2
   c - Confuse                        Hexes                        3
   d - Tukima's Dance                 Hexes                        3
   e - Dazzling Spray                 Conjuration/Hexes            3
Comestibles
 c - a bread ration
 g - 3 royal jellies
 p - 2 meat rations
 t - 5 chunks of flesh


   Skills:
 - Level 1.0 Short Blades
 - Level 2.0 Dodging
 + Level 8.0 Stealth
 - Level 2.0 Spellcasting
 + Level 4.3 Hexes
 + Level 0.8 Ice Magic


You had 6 spell levels left.
You knew the following spells:

 Your Spells              Type           Power        Failure   Level  Hunger
a - Corona                Hex            ###....      2%          1    #......
b - Ensorcelled Hibernat  Hex/Ice        ##....       9%          2    ###....


Dungeon Overview and Level Annotations

Branches:
Dungeon (4/15)
 Temple: D:4-7

Altars:
Ru
Sif Muna


Innate Abilities, Weirdness & Mutations

You cannot wear most types of armour.
You are very stealthy in the water. (Stealth+)
You are amphibious.
You can wear up to eight rings at the same time.
You can use your tentacles to constrict eight enemies at once.
Your skin changes colour to match your surroundings (Stealth+).
Your rubbery body absorbs attacks. (AC +1, EV +1)


Message History

Casting: Corona
Confirm with . or Enter, or press ? or * to list all spells.
Aiming: Corona
Press: ? - help, Shift-Dir - straight line, f/p - phantom
Aim: a phantom (almost destroyed, chance to defeat MR: 38%)
The phantom is outlined in light.
You are feeling hungry.
You hit the phantom.
You squeeze the phantom, but do no damage.
The phantom is almost destroyed.
The phantom hits you!
* * * LOW HITPOINT WARNING * * *
You hit the phantom but do no damage.
The phantom is almost destroyed.
The phantom hits you.
* * * LOW HITPOINT WARNING * * *
You hit the phantom.
The phantom is almost destroyed.
The phantom hits you!
You die...

≈♣♣....♣...♣...♣♣♣♣
≈.≈...♣.♣P♣PP...♣♣♣
....♣♣♣♣P♣.♣♣.♣.♣.♣
.P.♣ ♣♣.♣♣♣♣♣♣..♣
.. ♣.♣♣♣♣...♣.♣
♣P♣♣ ♣..♣...♣ ♣.
♣..♣P....♣
♣♣P♣♣..W.♣ ♣PP♣.@.♣
P..♣......♣
♣.......♣....#
...P....♣P♣...#
.....P.♣♣.P..##
Z...... ...##
....P.. #..#
......♣ .## ..P.P♣
.#


You could see a phantom.

Vanquished Creatures
  An ogre (D:4)
  A gnoll (D:1)
  4 adders
  2 oozes (D:1)
  3 worms
  2 dart slugs
  4 leopard geckos
  5 orcs
  7 bats
  3 giant cockroaches
  8 goblins
  8 hobgoblins
  12 jackals (D:1)
  7 kobolds
  A quokka (D:2)
  7 frilled lizards
  8 rats
83 creatures vanquished.

Notes
Turn   | Place    | Note
-------+----------+-------------------------------------------
     0 | D:1      | greprep the Octopode Enchanter began the quest for the Orb.
     0 | D:1      | Reached XP level 1. HP: 11/11 MP: 3/3
   211 | D:1      | Reached XP level 2. HP: 15/17 MP: 5/5
   764 | D:1      | Reached XP level 3. HP: 21/21 MP: 6/6
  1009 | D:1      | Learned a level 2 spell: Ensorcelled Hibernation
  1056 | D:1      | Reached skill level 5 in Stealth
  1527 | D:1      | Reached XP level 4. HP: 27/27 MP: 7/7
  2145 | D:2      | Reached skill level 6 in Stealth
  2534 | D:2      | Found a sacrificial altar of Ru.
  2643 | D:2      | Found a deep blue altar of Sif Muna.
  2788 | D:2      | Became a worshipper of Sif Muna the Loreminder
  3103 | D:3      | Reached XP level 5. HP: 31/31 MP: 8/8
  3577 | D:3      | Reached skill level 7 in Stealth
  3956 | D:4      | Noticed an ogre
  3957 | D:4      | Noticed an ogre
  3961 | D:4      | Killed an ogre
  3961 | D:4      | Reached skill level 8 in Stealth
  3961 | D:4      | Reached XP level 6. HP: 36/36 MP: 9/9
  3996 | D:4      | Noticed a phantom
  4028 | D:4      | Mangled by a phantom

Skill      XL: |  1  2  3  4  5 |
---------------+----------------+-----
Stealth        | 5 6 8 |  8.0
Hexes          | 4 |  4.3
Short Blades   | |  1.0
Dodging        | |  2.0
Spellcasting   | |  2.0
Ice Magic      | |  0.8

Action                   |  1- 3 |  4- 6 || total
-------------------------+-------+-------++-------
Melee: Dagger            |    80 |   131 ||   211
       Constrict         |    17 |    22 ||    39
       Tentacles         |    14 |    21 ||    35
 Cast: Ensorcelled Hiber |     4 |     5 ||     9
       Corona            |     1 |     6 ||     7
 Stab: Sleeping          |    10 |    16 ||    26
  Eat: Chunk             |     2 |     8 ||    10
Armor: Skin              |     3 |    10 ||    13
Dodge: Dodged            |    42 |    76 ||   118
